[Event "8th Mersin Open 2024"]
[Site "Mersin"]
[Date "2024.11.14"]
[Round "7"]
[White "Shafei, Hamid"]
[Black "Unsal, Gorkem"]
[Result "1-0"]
[ECO "B01"]
[WhiteElo "2018"]
[BlackElo "2097"]
[Annotator "RC"]
[PlyCount "91"]
[EventDate "2024.11.10"]
[EventType "swiss"]
[EventCountry "TUR"]
[SourceTitle "playchess.com"]
[Source "ChessBase"]
[SourceQuality "1"]
[TimeControl "5400+30"]

1. e4 d5 2. exd5 Qxd5 3. Nc3 Qa5 4. d4 Nf6 5. Nf3 c6 6. Bc4 Bf5 7. O-O e6 8. Bf4 Nbd7 9. a3 Be7 10. b4 Qd8 11. Ne2 O-O 12. Ng3 Bg6 13. Re1 Nd5 14. Bd2 Bf6 15. Bb3 b5 16. Ne4 Bh5 17. c3 N7b6 18. Ng3 Bg6 19. Ne5 Bxe5 20. Rxe5 Nc4 21. Bxc4 bxc4 22. h4 h6 23. Qg4 Nf6 24. Qf3 Nd7 25. Ra5 Qxh4 26. Qxc6 Nf6 27. Qf3 Rfd8 28. Re1 Ng4 29. Nf1 e5 30. g3 Qh3 31. Be3 Nxe3 32. fxe3 exd4 33. exd4 Re8 34. Rae5 Qd7 35. Nd2 Bd3 36. Ne4 Rad8 37. Nc5 Rxe5 38. Rxe5 Qc7 39. Qb7 Qd6 40. Qe7 Qb8 41. a4 Bg6 42. a5 f6 43. Ne6 Bf7 44. Nxd8 fxe5 45. Qxf7+ Kh7 46. Ne6 1-0

[Event "8th Mersin Open 2024"]
[Site "Mersin"]
[Date "2024.11.14"]
[Round "7"]
[White "Celebi, Mehmet Alper"]
[Black "Ererdem, Gani Eren"]
[Result "0-1"]
[ECO "B07"]
[WhiteElo "2014"]
[BlackElo "2066"]
[Annotator "RC"]
[PlyCount "78"]
[EventDate "2024.11.10"]
[EventType "swiss"]
[EventCountry "TUR"]
[SourceTitle "playchess.com"]
[Source "ChessBase"]
[SourceQuality "1"]
[TimeControl "5400+30"]

1. e4 d6 2. d4 Nf6 3. Nd2 g6 4. Bd3 Bg7 5. Ngf3 O-O 6. O-O c5 7. d5 Na6 8. a4 b6 9. c3 Nc7 10. Qe2 e6 11. dxe6 Nxe6 12. Nc4 Bb7 13. Rd1 Qc7 14. Ng5 Rfe8 15. Nf3 d5 16. exd5 Nxd5 17. Be4 Nef4 18. Qc2 Nb4 19. Bxf4 Qxf4 20. cxb4 Bxe4 21. Qd2 Qg4 22. h3 Qh5 23. Ng5 Bf6 24. Nxe4 Rxe4 25. Qc2 Re2 26. Rd2 Re6 27. a5 Rae8 28. axb6 axb6 29. b5 Bd4 30. Rf1 Qh4 31. Qd3 h5 32. Qf3 Rf6 33. Qd3 g5 34. Ne3 Bxe3 35. fxe3 Rxf1+ 36. Kxf1 Qg3 37. Re2 Qe5 38. e4 Re6 39. Qf3 Rf6 0-1

[Event "8th Mersin Open 2024"]
[Site "Mersin"]
[Date "2024.11.14"]
[Round "7"]
[White "Tezcan, Alper"]
[Black "Yildiz, Serdar Murat"]
[Result "0-1"]
[ECO "B47"]
[WhiteElo "2002"]
[BlackElo "2201"]
[Annotator "RC"]
[PlyCount "58"]
[EventDate "2024.11.10"]
[EventType "swiss"]
[EventCountry "TUR"]
[SourceTitle "playchess.com"]
[Source "ChessBase"]
[SourceQuality "1"]
[TimeControl "5400+30"]

1. e4 c5 2. Nf3 e6 3. d4 cxd4 4. Nxd4 Nc6 5. Nc3 Qc7 6. Qd3 Nf6 7. Ndb5 Qb8 8. Qg3 d6 9. Be3 a6 10. Nd4 Be7 11. f3 O-O 12. O-O-O Qc7 13. Qf2 b5 14. Nxc6 Qxc6 15. g4 Bb7 16. g5 Nd7 17. Ne2 Rac8 18. Nd4 Qc7 19. h4 d5 20. Bh3 Nc5 21. exd5 Bxd5 22. Kb1 Na4 23. Nf5 Rfd8 24. Nxe7+ Qxe7 25. Rd4 b4 26. Rhd1 Rb8 27. Ka1 Qc5 28. Bf1 Qa5 29. Bc4 Bxc4 0-1

[Event "8th Mersin Open 2024"]
[Site "Mersin"]
[Date "2024.11.14"]
[Round "7"]
[White "Cakir, Mert"]
[Black "Orak, Yunus"]
[Result "1-0"]
[ECO "C54"]
[WhiteElo "1976"]
[BlackElo "1859"]
[Annotator "RC"]
[PlyCount "69"]
[EventDate "2024.11.10"]
[EventType "swiss"]
[EventCountry "TUR"]
[SourceTitle "playchess.com"]
[Source "ChessBase"]
[SourceQuality "1"]
[TimeControl "5400+30"]

1. e4 e5 2. Nf3 Nc6 3. Bc4 Nf6 4. d3 Bc5 5. c3 d6 6. Nbd2 a6 7. Bb3 h6 8. h3 Ba7 9. Nf1 d5 10. Qe2 dxe4 11. dxe4 Qe7 12. Ng3 Bd7 13. Be3 O-O-O 14. Bxa7 Nxa7 15. O-O-O Nb5 16. Qe3 Kb8 17. Rhe1 Nd6 18. Qc5 Rhe8 19. Nd2 Bc6 20. Bd5 Bxd5 21. exd5 e4 22. Nb3 Nd7 23. Qb4 f5 24. Na5 Ne5 25. Nxf5 Qg5+ 26. Ne3 Nb5 27. c4 Nd3+ 28. Rxd3 exd3 29. Kb1 c5 30. Qxc5 d2 31. Rd1 Rxe3 32. Qxe3 Qg6+ 33. Ka1 Nd6 34. Qb6 Re8 35. Nxb7 1-0

[Event "8th Mersin Open 2024"]
[Site "Mersin"]
[Date "2024.11.14"]
[Round "7"]
[White "Turkmen, Yusuf Cagan"]
[Black "Taavoni, Rahim"]
[Result "1/2-1/2"]
[ECO "C55"]
[WhiteElo "1942"]
[BlackElo "1958"]
[Annotator "RC"]
[PlyCount "42"]
[EventDate "2024.11.10"]
[EventType "swiss"]
[EventCountry "TUR"]
[SourceTitle "playchess.com"]
[Source "ChessBase"]
[SourceQuality "1"]
[TimeControl "5400+30"]

1. e4 e5 2. Nf3 Nc6 3. Bc4 Nf6 4. d3 Be7 5. O-O d6 6. a4 O-O 7. Nc3 h6 8. Bd2 Kh8 9. a5 a6 10. h3 Ng8 11. Nd5 f5 12. Bc3 fxe4 13. dxe4 Bf6 14. Nd2 Bg5 15. Nf3 Bf6 16. Nd2 Bg5 17. Nf3 Bf6 18. Nh2 Bg5 19. Nf3 Bf6 20. Nh2 Bg5 21. Nf3 Bf6 1/2-1/2

[Event "8th Mersin Open 2024"]
[Site "Mersin"]
[Date "2024.11.14"]
[Round "7"]
[White "Avsar, Gediz"]
[Black "Ilek, Kadir Bertan"]
[Result "1-0"]
[ECO "C63"]
[WhiteElo "1926"]
[BlackElo "1827"]
[Annotator "RC"]
[PlyCount "20"]
[EventDate "2024.11.10"]
[EventType "swiss"]
[EventCountry "TUR"]
[SourceTitle "playchess.com"]
[Source "ChessBase"]
[SourceQuality "1"]
[TimeControl "5400+30"]

1. e4 e5 2. Nf3 Nc6 3. Bb5 f5 4. Nc3 fxe4 5. Nxe4 d5 6. Nxe5 dxe4 7. Nxc6 Qg5 8. Nd4+ c6 9. Bf1 Qe5 10. c3 Nf6 1-0

[Event "8th Mersin Open 2024"]
[Site "Mersin"]
[Date "2024.11.14"]
[Round "7"]
[White "Oz, Ege"]
[Black "Yigit, Ahmet Yasir"]
[Result "0-1"]
[ECO "A04"]
[WhiteElo "1895"]
[BlackElo "1927"]
[Annotator "ChessBase"]
[PlyCount "39"]
[EventDate "2024.11.10"]
[EventType "swiss"]
[EventCountry "TUR"]
[SourceTitle "playchess.com"]
[Source "ChessBase"]
[SourceQuality "1"]
[TimeControl "5400+30"]

1. e4 c5 2. Nf3 Nc6 3. d3 g6 4. g3 Bg7 5. Bg2 e6 6. O-O Nge7 7. Re1 O-O 8. c3 d5 9. e5 Bd7 10. h4 h6 11. Bf4 Nf5 12. Nbd2 f6 13. exf6 Qxf6 14. Ne5 Nxe5 15. Bxe5 Qf7 16. Nf3 Rfe8 17. Bxg7 Qxg7 18. d4 cxd4 19. cxd4 Rac8 20. Ne5 0-1

[Event "8th Mersin Open 2024"]
[Site "Mersin"]
[Date "2024.11.14"]
[Round "7"]
[White "Herdem, Talha"]
[Black "Kurdas, Halil Ibrahim"]
[Result "0-1"]
[ECO "B23"]
[WhiteElo "1884"]
[BlackElo "1887"]
[Annotator "NA RC"]
[PlyCount "45"]
[EventDate "2024.11.10"]
[EventType "swiss"]
[EventCountry "TUR"]
[SourceTitle "playchess.com"]
[Source "ChessBase"]
[SourceQuality "1"]
[TimeControl "5400+30"]

1. e4 c5 2. Nc3 g6 3. d4 cxd4 4. Qxd4 Nf6 5. Bb5 Bg7 6. e5 Ng8 7. Nf3 Nc6 8. Qf4 Nh6 9. h4 d5 10. Be3 a6 11. O-O-O axb5 12. Nxd5 Qa5 13. Bb6 Qxa2 14. Nc7+ Kf8 15. Nxa8 Qxa8 16. Kb1 Ng4 17. Rhe1 Be6 18. b3 Kg8 19. Ng5 Ncxe5 20. Nxe6 Nd3 21. Qd4 Bxd4 22. Nxd4 Nxe1 23. Rxe1 0-1

[Event "8th Mersin Open 2024"]
[Site "Mersin"]
[Date "2024.11.14"]
[Round "7"]
[White "Karaalioglu, Zeynel Mansur"]
[Black "Baghirov, Mahammad"]
[Result "0-1"]
[ECO "C47"]
[WhiteElo "1875"]
[BlackElo "1875"]
[Annotator "NA RC"]
[PlyCount "85"]
[EventDate "2024.11.10"]
[EventType "swiss"]
[EventCountry "TUR"]
[SourceTitle "playchess.com"]
[Source "ChessBase"]
[SourceQuality "1"]
[TimeControl "5400+30"]

1. e4 Nf6 2. Nf3 e5 3. Nc3 Nc6 4. a3 Be7 5. d4 exd4 6. Nxd4 d6 7. Bb5 Bd7 8. Bxc6 bxc6 9. h3 O-O 10. O-O Re8 11. Bf4 Rb8 12. Rb1 c5 13. Nb3 Bf8 14. Re1 Be6 15. Nd2 Nd7 16. Nf3 f6 17. Nd5 Nb6 18. Nxb6 axb6 19. b3 b5 20. b4 cxb4 21. axb4 Qd7 22. Nd4 Bf7 23. Qf3 Ra8 24. h4 Ra7 25. Qg3 Kh8 26. Rbd1 Bc4 27. c3 Qf7 28. Qf3 h5 29. Kh1 Kh7 30. Rg1 c5 31. bxc5 dxc5 32. Nc6 Be2 33. Qg3 Bxd1 34. Rxd1 Qe6 35. Nb8 Qg4 36. f3 Qxg3 37. Bxg3 b4 38. cxb4 cxb4 39. Rd5 b3 40. Rb5 b2 41. Kh2 Ra3 42. Rxh5+ Kg6 43. Rb5 0-1

[Event "8th Mersin Open 2024"]
[Site "Mersin"]
[Date "2024.11.14"]
[Round "7"]
[White "Ahmed Alhac, Muhammed"]
[Black "Norouzi Chenari, Parham"]
[Result "1/2-1/2"]
[ECO "D38"]
[WhiteElo "1832"]
[BlackElo "1899"]
[Annotator "NA RC"]
[PlyCount "27"]
[EventDate "2024.11.10"]
[EventType "swiss"]
[EventCountry "TUR"]
[SourceTitle "playchess.com"]
[Source "ChessBase"]
[SourceQuality "1"]
[TimeControl "5400+30"]

1. d4 Nf6 2. c4 e6 3. Nf3 d5 4. Nc3 Bb4 5. Bg5 h6 6. Bxf6 Qxf6 7. Qa4+ Nc6 8. e3 Bd7 9. Qc2 O-O 10. a3 Bxc3+ 11. bxc3 dxc4 12. Bxc4 e5 13. O-O Rae8 14. Bb5 1/2-1/2

[Event "8th Mersin Open 2024"]
[Site "Mersin"]
[Date "2024.11.14"]
[Round "7"]
[White "Ghanbarpour, Mahan"]
[Black "Kilic, Cihan"]
[Result "1-0"]
[ECO "A17"]
[WhiteElo "1803"]
[BlackElo "1894"]
[Annotator "NA RC"]
[PlyCount "54"]
[EventDate "2024.11.10"]
[EventType "swiss"]
[EventCountry "TUR"]
[SourceTitle "playchess.com"]
[Source "ChessBase"]
[SourceQuality "1"]
[TimeControl "5400+30"]

1. Nf3 d5 2. e3 Nf6 3. c4 e6 4. Nc3 b6 5. cxd5 exd5 6. g3 Bb7 7. Bg2 Nbd7 8. O-O Bd6 9. Qc2 a6 $11 10. b3 O-O 11. Bb2 c5 12. d4 Rc8 13. Rac1 Ne4 14. dxc5 Ndxc5 15. Rfd1 Nxc3 16. Qxc3 Ne6 17. Qd2 Rxc1 18. Rxc1 a5 19. Nd4 Qg5 20. Qd1 Bc5 21. h4 Qe7 22. Nf5 Qd7 23. Qg4 f6 24. Nxg7 Qxg7 25. Qxe6+ Kh8 26. Kh2 h5 27. Qf5 Qe7 1-0

[Event "8th Mersin Open 2024"]
[Site "Mersin"]
[Date "2024.11.14"]
[Round "7"]
[White "Arslan, Hazar"]
[Black "Doygun, Lena"]
[Result "0-1"]
[ECO "B00"]
[WhiteElo "1597"]
[BlackElo "1593"]
[Annotator "NA RC"]
[PlyCount "94"]
[EventDate "2024.11.10"]
[EventType "swiss"]
[EventCountry "TUR"]
[SourceTitle "playchess.com"]
[Source "ChessBase"]
[SourceQuality "1"]
[TimeControl "5400+30"]

1. e4 Nc6 2. d4 d5 3. e5 Bf5 4. c3 e6 5. Bd3 Bxd3 6. Qxd3 Qd7 7. Nd2 f6 8. f4 fxe5 9. fxe5 O-O-O 10. b4 Be7 11. Nb3 Nb8 12. a4 Bh4+ 13. g3 Be7 14. b5 h5 15. Nf3 h4 16. gxh4 Bxh4+ 17. Nxh4 Rxh4 18. Bg5 Re4+ 19. Kd1 Rf8 20. Nc5 Qf7 21. Nxe4 dxe4 22. Qe2 Qg6 23. Be3 Ne7 24. Rg1 Qh7 25. Kd2 Nd5 26. Raf1 Rd8 27. Rg2 Nd7 28. Qg4 Kb8 29. Qxg7 Qh3 30. Rg3 Qxf1 31. Qxd7 Qd3+ 32. Ke1 Qxe3+ 33. Rxe3 Rxd7 34. Rxe4 Nxc3 35. Rf4 b6 36. Rf8+ Kb7 37. Re8 Rxd4 38. Rxe6 Rh4 39. Rc6 Nxa4 40. e6 Nc5 41. e7 Re4+ 42. Kf2 Rxe7 43. h4 Rh7 44. Kg3 a6 45. Kg4 axb5 46. Rg6 Nd3 47. Kg5 b4 0-1

[Event "8th Mersin Open 2024"]
[Site "Mersin"]
[Date "2024.11.14"]
[Round "7"]
[White "Kocacik, Dogukan"]
[Black "Tawel, Ihab."]
[Result "1-0"]
[ECO "B78"]
[WhiteElo "1586"]
[BlackElo "1584"]
[Annotator "NA RC"]
[PlyCount "72"]
[EventDate "2024.11.10"]
[EventType "swiss"]
[EventCountry "TUR"]
[SourceTitle "playchess.com"]
[Source "ChessBase"]
[SourceQuality "1"]
[TimeControl "5400+30"]

1. e4 c5 2. Nf3 d6 3. d4 cxd4 4. Nxd4 Nf6 5. Bc4 g6 6. f3 Bg7 7. Nc3 O-O 8. Be3 Nc6 9. Qd2 Bd7 10. Nxc6 Bxc6 11. O-O-O a6 12. g4 b5 13. Bb3 a5 14. a3 b4 15. Nb1 bxa3 16. bxa3 a4 17. Ba2 Rb8 18. Bd4 Qc7 19. g5 Bxe4 20. fxe4 Nxe4 21. Qe3 Qb7 22. Rde1 Bxd4 23. Qxd4 Nxg5 24. Nd2 Rfc8 25. Rhf1 Qc6 26. Bc4 e5 27. Qd3 Ne6 28. Rf6 Re8 29. Ne4 Rbd8 30. Bb5 Qb6 31. Bxe8 Rxe8 32. Qxd6 Qa5 33. Ref1 Nf4 34. R6xf4 exf4 35. Nf6+ Kh8 36. Nxe8 Qd8 1-0

[Event "8th Mersin Open 2024"]
[Site "Mersin"]
[Date "2024.11.14"]
[Round "7"]
[White "Yalcin, Enes Furkan"]
[Black "Ozturk, Yucel Mert"]
[Result "0-1"]
[ECO "A13"]
[WhiteElo "1585"]
[BlackElo "1545"]
[Annotator "NA RC"]
[PlyCount "50"]
[EventDate "2024.11.10"]
[EventType "swiss"]
[EventCountry "TUR"]
[SourceTitle "playchess.com"]
[Source "ChessBase"]
[SourceQuality "1"]
[TimeControl "5400+30"]

1. c4 e6 2. Nf3 Nf6 3. d3 d5 4. cxd5 exd5 5. Bg5 Be7 6. g3 b6 7. Bg2 Bb7 8. Nbd2 Nbd7 9. Rc1 c5 10. d4 O-O 11. O-O Ne4 12. Bxe7 Qxe7 13. dxc5 Ndxc5 14. Nd4 Rfe8 15. N2f3 Nd6 16. e3 Ba6 17. Ne2 Nd3 18. Rc2 Ne4 19. Ned4 Nb4 20. Re1 Nxc2 21. Qxc2 Rac8 22. Qa4 Nc5 23. Qa3 Qd7 24. b3 Bb7 25. Qxa7 Qd8 0-1

[Event "8th Mersin Open 2024"]
[Site "Mersin"]
[Date "2024.11.14"]
[Round "7"]
[White "Akcay, Batin"]
[Black "Dere, Ali Mete"]
[Result "0-1"]
[ECO "C56"]
[WhiteElo "1573"]
[BlackElo "1550"]
[Annotator "NA RC"]
[PlyCount "125"]
[EventDate "2024.11.10"]
[EventType "swiss"]
[EventCountry "TUR"]
[SourceTitle "playchess.com"]
[Source "ChessBase"]
[SourceQuality "1"]
[TimeControl "5400+30"]

1. e4 e5 2. Nf3 Nc6 3. d4 exd4 4. Bc4 Nf6 5. e5 d5 6. Bb5 Ne4 7. Nxd4 Bd7 8. Bxc6 bxc6 9. Nc3 Bb4 10. O-O Nxc3 11. bxc3 Bxc3 12. Rb1 Ba5 13. Ba3 Bb6 14. e6 Bxe6 15. Nxe6 fxe6 16. Qh5+ Kd7 17. Qf7+ Kc8 18. Qxe6+ Kb7 19. Qg4 Qc8 20. Qg3 Qf5 21. Rbc1 h5 22. c4 h4 23. Qb3 dxc4 24. Qxc4 Qd5 25. Qxd5 cxd5 26. Rfd1 Rad8 27. Rc3 Rhe8 28. Kf1 Re6 29. Rf3 Rd7 30. Bb2 Re4 31. Rfd3 c6 32. h3 d4 33. f3 Re6 34. a4 c5 35. Rb3 a5 36. Rb5 Ka6 37. Ba3 Rc6 38. Ke2 c4 39. Rc1 d3+ 40. Kd2 c3+ 41. Rxc3 Rxc3 42. Kxc3 d2 43. Rb1 d1=Q 44. Rxd1 Rxd1 45. Bf8 Rg1 46. Bxg7 Rxg2 47. Bf6 Rg3 48. Bxh4 Rxf3+ 49. Kc2 Rxh3 50. Bf6 Ra3 51. Be7 Rxa4 52. Kb3 Re4 53. Bg5 a4+ 54. Kc2 Kb5 55. Bf6 Kc4 56. Kd2 a3 57. Bg7 Bd4 58. Bxd4 Rxd4+ 59. Ke3 a2 60. Kf3 a1=Q 61. Kg3 Qf1 62. Kh2 Qf2+ 63. Kh1 0-1

[Event "8th Mersin Open 2024"]
[Site "Mersin"]
[Date "2024.11.14"]
[Round "7"]
[White "Kilic, Kerem Ege"]
[Black "Sahin, Mert"]
[Result "1-0"]
[ECO "C11"]
[WhiteElo "1571"]
[BlackElo "1534"]
[Annotator "NA RC"]
[PlyCount "69"]
[EventDate "2024.11.10"]
[EventType "swiss"]
[EventCountry "TUR"]
[SourceTitle "playchess.com"]
[Source "ChessBase"]
[SourceQuality "1"]
[TimeControl "5400+30"]

1. e4 e6 2. d4 d5 3. Nc3 Nf6 4. e5 Nfd7 5. Nce2 c5 6. c3 Nc6 7. f4 Qb6 8. Nf3 f6 9. a3 fxe5 10. fxe5 Be7 11. Ng3 O-O 12. Be2 cxd4 13. cxd4 a6 14. b4 Qa7 15. Qd3 Rxf3 16. gxf3 Nxd4 17. Bb2 Nc6 18. f4 Bh4 19. O-O-O Nf8 20. Rhg1 Ng6 21. Nh5 Bf2 22. Rg2 Nce7 23. Kb1 Nf5 24. Ka2 Bd7 25. Qf3 Bb6 26. Bd3 Bb5 27. Bxf5 Bc4+ 28. Ka1 exf5 29. Rxd5 Re8 30. Rd7 Bf7 31. e6 Rxe6 32. Qc3 Bd4 33. Rxd4 Ne5 34. Rd8+ Be8 35. Nxg7 1-0

[Event "8th Mersin Open 2024"]
[Site "Mersin"]
[Date "2024.11.14"]
[Round "7"]
[White "Sadigov, Kamil"]
[Black "Alim, Mehmet Emir"]
[Result "0-1"]
[ECO "B22"]
[WhiteElo "1565"]
[BlackElo "1532"]
[Annotator "NA RC"]
[PlyCount "82"]
[EventDate "2024.11.10"]
[EventType "swiss"]
[EventCountry "TUR"]
[SourceTitle "playchess.com"]
[Source "ChessBase"]
[SourceQuality "1"]
[TimeControl "5400+30"]

1. e4 c5 2. c3 d5 3. exd5 Qxd5 4. d4 Nf6 5. Nf3 Bg4 6. Be2 e6 7. O-O Nc6 8. Be3 cxd4 9. cxd4 a6 10. Nc3 Qd6 11. a3 Be7 12. h3 Bf5 13. Rc1 O-O 14. b4 b5 15. Qd2 Nd5 16. Nxd5 Qxd5 17. Rc3 a5 18. Rfc1 axb4 19. Rxc6 bxa3 20. R6c2 Bxc2 21. Qxc2 b4 22. Bc4 Qc6 23. Ne5 Qd6 24. Qb3 Bf6 25. f4 a2 26. Ra1 Ra3 27. Rxa2 Rxb3 28. Bxb3 Bxe5 29. fxe5 Qc6 30. Rc2 Qe4 31. Kf2 Qd3 32. Rb2 Qc3 33. Rb1 f6 34. Bxe6+ Kh8 35. Rb3 fxe5+ 36. Kg1 Qe1+ 37. Kh2 exd4 38. Bxd4 Qxe6 39. Rg3 Qf7 40. Rf3 Qc7+ 41. Rg3 Rg8 0-1

[Event "8th Mersin Open 2024"]
[Site "Mersin"]
[Date "2024.11.14"]
[Round "7"]
[White "Shiraliyev, Muslim"]
[Black "Yaglioglu, Batuhan Alp"]
[Result "1-0"]
[ECO "B01"]
[WhiteElo "1520"]
[BlackElo "1599"]
[Annotator "NA RC"]
[PlyCount "83"]
[EventDate "2024.11.10"]
[EventType "swiss"]
[EventCountry "TUR"]
[SourceTitle "playchess.com"]
[Source "ChessBase"]
[SourceQuality "1"]
[TimeControl "5400+30"]

1. e4 d5 2. exd5 Nf6 3. Nf3 Nxd5 4. Bc4 Nb6 5. Bb3 c5 6. c3 Nc6 7. d4 cxd4 8. cxd4 e6 9. O-O Nb4 10. Bg5 Be7 11. Bxe7 Qxe7 12. Re1 N4d5 13. Nc3 Qd8 14. Nxd5 Nxd5 15. Ba4+ Bd7 16. Ne5 b5 17. Bb3 O-O 18. Bxd5 exd5 19. Qb3 Be6 20. Qxb5 Rb8 21. Qe2 Qb6 22. b3 Rbc8 23. Qe3 Rfe8 24. Qd2 Bf5 25. Rac1 f6 26. Nc6 Be6 27. Ne7+ Rxe7 28. Rxc8+ Bxc8 29. Rxe7 Ba6 30. Qe3 Bb5 31. Qe6+ Qxe6 32. Rxe6 Bd3 33. Rd6 a5 34. Rxd5 a4 35. bxa4 Bc4 36. Rc5 Ba6 37. a5 Kf8 38. Rc6 Bb7 39. Rb6 Bd5 40. a6 Ke7 41. a7 Kd7 42. Rb8 1-0